Map: 2000 Atmospheres LE

Players

SKillous - Winner!

  • Race: Protoss Protoss

Reynor

  • Race: Zerg Zerg

Event: DreamHack SC2 Masters 2021 Winter

VOD

Have the link to the VOD?

Description

Time

  • Played on: Oct. 10, 2021, 12:37 p.m.
  • Length: 11:58

All games in this series

Show
View Real Time Build Order
Export as new Build Order

SKillous Protoss - Winner!

Build Orders: 1 Gate Expand, Oracle Opening 

Get SALT Encoding   

  12  0:00  Probe  
  13  0:12  Probe  
  14  0:19  Pylon  
  14  0:24  Probe  
  15  0:37  Probe (Chrono Boost)  
  15  0:39  Gateway  
  16  0:46  Probe (Chrono Boost)  
  16  0:47  Assimilator  
  17  0:51  Probe (Chrono Boost)  
  18  1:03  Probe  
  19  1:15  Probe  
  20  1:23  Nexus  
  20  1:34  Cybernetics Core  
  20  1:37  Probe  
  21  1:43  Assimilator  
  21  1:49  Probe  
  22  1:54  Pylon  
  22  2:01  Probe  
  23  2:09  Adept (Chrono Boost), Probe  
  26  2:16  Stargate  
  26  2:18  Probe  
  27  2:24  Warp Gate  
  27  2:30  Pylon  
  27  2:33  Probe (Chrono Boost)  
  28  2:38  Adept  
  28  2:42  Probe (Chrono Boost)  
  31  2:50  Probe x2 (Chrono Boost)  
  33  2:54  Void Ray (Chrono Boost)  
  33  2:56  Probe x2  
  39  3:08  Probe  
  39  3:09  Probe  
  41  3:14  Pylon  
  41  3:20  Probe  
  41  3:21  Probe  
  41  3:23  Gateway  
  43  3:30  Oracle  
  43  3:32  Probe (Chrono Boost)  
  48  3:37  Probe (Chrono Boost)  
  48  3:44  Probe (Chrono Boost)  
  50  3:50  Probe (Chrono Boost)  
  50  3:51  Probe (Chrono Boost)  
  50  3:52  Nexus  
  51  3:56  Pylon  
  51  3:58  Probe  
  51  4:00  Probe  
  53  4:03  Assimilator  
  53  4:06  Assimilator  
  53  4:11  Probe (Chrono Boost)  
  53  4:14  Stargate  
  55  4:19  Pylon  
  55  4:22  Protoss Air Weapons Level 1, Probe (Chrono Boost)  
  56  4:25  Probe (Chrono Boost)  
  56  4:27  Void Ray  
  56  4:30  Probe (Chrono Boost)  
  57  4:34  Probe  
  62  4:39  Forge  
  62  4:41  Probe  
  62  4:42  Pylon  
  63  4:46  Shield Battery  
  63  4:48  Probe (Chrono Boost)  
  64  4:55  Void Ray  
  64  4:57  Probe (Chrono Boost)  
  64  4:58  Assimilator  
  66  5:00  Probe (Chrono Boost)  
  66  5:03  Assimilator  
  71  5:09  Probe (Chrono Boost)  
  71  5:10  Probe (Chrono Boost)  
  71  5:11  Probe (Chrono Boost)  
  73  5:14  Void Ray  
  73  5:17  Probe (Chrono Boost)  
  73  5:18  Probe (Chrono Boost)  
  73  5:19  Probe (Chrono Boost)  
  79  5:23  Probe (Chrono Boost)  
  79  5:24  Twilight Council  
  81  5:31  Probe (Chrono Boost)  
  81  5:35  Probe x2 (Chrono Boost)  
  83  5:36  Robotics Facility  
  83  5:38  Void Ray, Pylon  
  83  5:41  Probe (Chrono Boost)  
  83  5:42  Probe (Chrono Boost)  
  86  5:43  Probe (Chrono Boost)  
  86  5:49  Probe, Pylon  
  91  5:51  Probe  
  91  5:54  Probe  
  93  5:59  Fleet Beacon  
  93  6:01  Stargate  
  93  6:04  Probe  
  93  6:05  Probe  
  93  6:07  Photon Cannon  
  95  6:12  Pylon  
  95  6:20  Probe  
  104  6:33  Robotics Bay  
  104  6:35  Probe  
  105  6:40  Probe  
  105  6:43  Photon Cannon  
  105  6:44  Carrier (Chrono Boost)  
  105  6:45  Photon Cannon  
  110  6:49  Carrier (Chrono Boost)  
  110  6:53  Shield Battery  
  116  6:55  Photon Cannon  
  116  7:00  Carrier (Chrono Boost)  
  116  7:01  Shield Battery  
  116  7:03  Photon Cannon  
  116  7:05  Pylon  
  116  7:07  Pylon  
  113  7:14  Pylon  
  113  7:16  Pylon  
  113  7:18  Disruptor (Chrono Boost)  
  113  7:19  Nexus, Pylon  
  116  7:38  Carrier (Chrono Boost), Pylon  
  116  7:42  Carrier (Chrono Boost)  
  128  7:44  Shield Battery  
  128  7:48  Observer (Chrono Boost)  
  129  8:00  Zealot x2  
  128  8:21  Pylon  
  121  8:34  Photon Cannon x2  
  121  8:36  Photon Cannon  
  121  8:38  Photon Cannon, Tempest x2 (Chrono Boost)  
  121  8:39  Pylon  
  136  8:49  Tempest (Chrono Boost)  
  133  9:02  Gateway  
  133  9:12  Tempest  
  135  9:36  Pylon x2  
  135  9:42  Tempest (Chrono Boost)  
  124  9:53  Pylon x2  
  129  10:01  Tempest (Chrono Boost)  
  129  10:24  Assimilator  
  129  10:25  Photon Cannon, Assimilator  
  125  10:57  Pylon  
Show
View Real Time Build Order
Export as new Build Order

Reynor Zerg 

Build Orders: Hatch First 

Get SALT Encoding   

  12  0:00  Drone  
  13  0:12  Overlord  
  13  0:17  Drone  
  14  0:30  Drone  
  14  0:31  Drone  
  16  0:49  Hatchery  
  15  0:52  Drone  
  15  0:56  Drone  
  17  0:59  Drone  
  18  1:09  Extractor  
  17  1:15  Spawning Pool  
  17  1:17  Drone  
  17  1:21  Drone  
  18  1:28  Drone  
  19  1:39  Drone  
  20  1:50  Overlord  
  20  2:02  Drone x2, Queen x2  
  26  2:11  Drone  
  26  2:12  Drone  
  28  2:23  Zergling x4  
  30  2:33  Overlord  
  30  2:34  Drone  
  31  2:38  Queen  
  31  2:39  Pneumatized Carapace  
  33  2:44  Drone  
  33  2:45  Drone  
  35  2:53  Hatchery  
  35  2:55  Drone  
  35  2:59  Drone  
  36  3:05  Overlord  
  36  3:07  Drone  
  36  3:12  Drone x3  
  40  3:17  Queen  
  40  3:19  Drone  
  43  3:24  Metabolic Boost  
  43  3:25  Drone  
  44  3:29  Overlord  
  44  3:31  Drone  
  45  3:37  Overlord  
  45  3:46  Queen  
  48  3:48  Drone  
  48  3:49  Spore Crawler  
  48  3:50  Drone x3  
  48  3:52  Drone  
  48  3:53  Drone  
  52  3:58  Queen  
  54  4:05  Spore Crawler  
  54  4:07  Drone x4  
  57  4:12  Zergling x4  
  57  4:15  Overlord  
  59  4:17  Drone  
  59  4:18  Drone  
  59  4:20  Drone x2  
  63  4:24  Drone  
  63  4:30  Zergling x4  
  66  4:32  Overlord  
  66  4:33  Drone  
  66  4:35  Drone  
  66  4:37  Overlord  
  68  4:47  Lair  
  68  4:48  Overlord  
  68  4:51  Drone  
  68  4:52  Drone x2, Queen  
  71  4:54  Queen  
  71  4:55  Drone  
  71  4:56  Drone, Evolution Chamber  
  71  4:58  Overlord  
  76  5:00  Drone x2  
  78  5:07  Extractor  
  78  5:08  Overlord  
  78  5:09  Drone x4  
  78  5:12  Drone  
  81  5:16  Overlord  
  81  5:20  Drone x3  
  83  5:24  Drone x4, Extractor x3  
  83  5:25  Extractor  
  83  5:28  Queen  
  83  5:29  Overlord  
  83  5:31  Drone  
  83  5:34  Overlord  
  86  5:36  Zerg Missile Weapons Level 1, Queen  
  86  5:42  Roach Warren  
  87  5:43  Drone x5  
  87  5:49  Overseer  
  92  5:53  Overlord  
  92  6:03  Drone  
  93  6:08  Queen x2  
  93  6:09  Overlord  
  97  6:15  Drone  
  97  6:16  Hatchery  
  97  6:20  Overlord  
  97  6:23  Glial Reconstitution  
  97  6:32  Roach x12  
  121  6:34  Overlord  
  121  6:39  Queen  
  123  6:46  Roach x3  
  129  6:48  Overseer, Overlord  
  129  6:52  Overlord  
  129  6:53  Overlord  
  129  6:54  Queen  
  129  6:56  Roach x3  
  129  6:59  Overlord  
  137  7:05  Overlord  
  137  7:11  Roach x7  
  137  7:14  Queen  
  153  7:18  Ravager x9  
  162  7:23  Zergling x6, Roach x2  
  162  7:24  Zergling x4  
  162  7:27  Overlord  
  162  7:28  Ravager x2  
  175  7:30  Zergling x2, Roach  
  175  7:34  Queen  
  178  7:37  Zergling x2  
  178  7:38  Zergling x8  
  178  7:43  Overlord  
  183  7:46  Ravager x3  
  183  7:47  Zergling x2, Roach x2  
  190  7:52  Overlord  
  190  7:55  Zergling x2  
  190  7:56  Zergling x6, Roach  
  179  8:08  Zergling x4, Roach  
  179  8:11  Queen  
  171  8:12  Queen  
  171  8:13  Queen  
  167  8:20  Ravager x2  
  167  8:21  Zergling x18  
  169  8:31  Roach  
  169  8:32  Roach x2  
  169  8:33  Ravager x3  
  173  8:36  Infestation Pit, Zergling x8  
  172  8:42  Ravager x2  
  172  8:43  Queen  
  172  8:46  Queen  
  178  8:54  Queen  
  158  8:58  Drone x4  
  158  8:59  Drone x5  
  158  9:00  Zerg Ground Armor Level 1  
  167  9:05  Queen  
  168  9:10  Ravager  
  168  9:11  Ravager x3  
  170  9:17  Zergling x2  
  170  9:18  Zergling x14  
  170  9:19  Queen  
  176  9:29  Roach x8  
  184  9:31  Queen  
  185  9:41  Queen, Overlord  
  180  9:50  Drone x7  
  173  9:54  Queen  
  173  9:58  Overlord  
  163  10:01  Spore Crawler  
  163  10:03  Spore Crawler  
  163  10:07  Ravager x7  
  151  10:16  Queen  
  151  10:21  Overlord  
  148  10:33  Hatchery  
  147  10:38  Ravager x2  
  147  10:39  Ravager  
  147  10:41  Overlord  
  150  10:43  Zergling x12  
  150  10:48  Spore Crawler x2  
  154  10:52  Queen  
  154  10:53  Extractor  
  154  10:54  Extractor  
  154  11:00  Hatchery  
  149  11:04  Infestor x2  
  149  11:08  Hatchery  
  140  11:17  Infestor  
  108  11:46  Spore Crawler  

Tags
 
Add a new tag
Caveats
  • Supply blocks, unpowered buildings, or Contaminate may cause inaccurate times.
  • Supply counts are checked every 10 seconds.